 Dungeon Crawl Stone Soup version 0.29-a0-41-g89e12c0570 (webtiles) character file.

Game seed: 13991644704562374425

188 Grim the Poker (level 5, -1/45 HPs)
             Began as a Minotaur Fighter on Feb 1, 2022.
             Slain by an orc wizard (4 damage)
             ... on level 4 of the Dungeon.
             The game lasted 00:02:49 (2754 turns).

Grim the Poker (Minotaur Fighter)                   Turns: 2754, Time: 00:02:50

Health: -1/45      AC:  6    Str: 20    XL:     5   Next: 39%
Magic:  5/6        EV:  9    Int:  7    God:
Gold:   96         SH:  4    Dex: 10    Spells: 4/4 levels left

rFire   . . .      SeeInvis .   a - +0 trident
rCold   . . .      Faith    .   c - +0 buckler
rNeg    . . .      Spirit   .   b - +0 scale mail
rPois   .          Reflect  .   (helmet restricted)
rElec   .          Harm     .   (no cloak)
rCorr   .          Rampage  .   (no gloves)
Will    .....                   (no boots)
Stlth   ..........              (no amulet)
HPRegen 0.15/turn               (no ring)
MPRegen 0.10/turn               (no ring)

@: mighty
A: horns 2, retaliatory headbutt
a: no special abilities


You were on level 4 of the Dungeon.
You visited 1 branch of the dungeon, and saw 4 of its levels.

You collected 96 gold pieces.

Inventory:

Hand Weapons
 a - a +0 trident (weapon)
Missiles
 e - 7 poisoned darts (quivered)
 o - 19 stones
Armour
 b - a +0 scale mail (worn)
 c - a +0 buckler (worn)
Scrolls
 f - 2 scrolls of identify {unknown}
 h - 2 scrolls of fear {unknown}
 i - a scroll of vulnerability {unknown}
 k - a scroll of enchant armour {unknown}
 l - a scroll of teleportation {unknown}
 m - a scroll of blinking {unknown}
 n - a scroll of summoning {unknown}
 s - a scroll of holy word {unknown}
 t - a scroll of noise {unknown}
Potions
 g - a potion of mutation {unknown}
 j - a potion of magic {unknown}
 p - 2 potions of lignification {unknown}
 q - a potion of invisibility {unknown}
 r - a potion of heal wounds {unknown}


   Skills:
 - Level 3.6 Fighting
 * Level 5.8 Polearms
 - Level 3.6 Armour
 - Level 3.6 Shields
 + Level 2.7 Invocations


You had 4 spell levels left.
You didn't know any spells.
Your spell library contained the following spells:

 Spells                   Type           Power      Damage    Failure   Level
 Slow                     Hex            0%         N/A       86%         1
 Blink                    Tloc           0%         N/A       95%         2
 Confusing Touch          Hex            0%         N/A       99%         3
 Lesser Beckoning         Tloc           0%         N/A       99%         3
 Vampiric Draining        Necr           0%         2d6       99%         3
 Manifold Assault         Tloc           0%         N/A       100%        5


Dungeon Overview and Level Annotations

Branches:
Dungeon (4/15)
 Temple: D:4-7

Altars:
Ashenzari
Uskayaw


Innate Abilities, Weirdness & Mutations

You have a pair of horns on your head.
You reflexively headbutt those who attack you in melee.


Message History

You hit the scorpion.
You kill the scorpion!
You block the giant cockroach's attack.
You have reached level 5!
You hit the giant cockroach.
Your headbutt misses the giant cockroach.
The giant cockroach is almost dead.
The giant cockroach bites you.
* * * LOW HITPOINT WARNING * * *
Unknown command.
You barely miss the giant cockroach.
You headbutt the giant cockroach, but do no damage.
The giant cockroach is almost dead.
The giant cockroach completely misses you.
You hit the giant cockroach but do no damage.
The giant cockroach is almost dead.
The giant cockroach bites you.
* * * LOW HITPOINT WARNING * * *
You hit the giant cockroach.
You kill the giant cockroach!
You miss something. Your headbutt misses something.
Something hits you but does no damage.
You puncture something! Your headbutt misses something. Something hits you.
* * * LOW HITPOINT WARNING * * *
Okay, then.
You barely miss something. Something hits you but does no damage.
You miss something. Something hits you but does no damage.
You miss something. Your headbutt misses something. Something hits you.
* * * LOW HITPOINT WARNING * * *
You barely miss something. Your headbutt misses something. Something hits you.
* * * LOW HITPOINT WARNING * * *
You closely miss something. Something hits you but does no damage.
You hit something. Your headbutt misses something.
Something hits you but does no damage.
You barely miss something. Something hits you but does no damage.
You feel very mighty all of a sudden.
An orc wizard appears from thin air!
Reactivating autopickup.
The orc wizard hits you with a +0 dagger.
You die...

#.## #..# ##.#
#.# #.####
#....# ##....#
######.....###
##oo@..._......#
#..##.....####..
###.###.##....##
#
.......B##....#
###..##.#####.#
## #o# #.# #.#
#.# ... .. #..


You could see an orc wizard and an orc.

Vanquished Creatures
  A scorpion (D:4)
  3 gnolls (D:4)
  3 adders (D:2)
  An adder skeleton (D:4)
  4 dart slugs
  2 orcs (D:4)
  3 ball pythons
  5 bats
  4 endoplasms
  A giant cockroach (D:4)
  8 goblins
  8 hobgoblins
  3 jackals (D:3)
  2 quokkas
  4 frilled lizards
  3 kobolds
  2 rats
57 creatures vanquished.

Notes
Turn   | Place    | Note
-------+----------+-------------------------------------------
     0 | D:1      | Grim the Minotaur Fighter began the quest for the Orb.
     0 | D:1      | Reached XP level 1. HP: 19/19 MP: 0/0
    73 | D:1      | Reached skill level 3 in Polearms
    73 | D:1      | Found a faded altar of an unknown god.
   110 | D:1      | Reached XP level 2. HP: 24/26 MP: 1/1
   259 | D:1      | Reached skill level 1 in Invocations
   466 | D:1      | Reached XP level 3. HP: 27/31 MP: 1/3
   503 | D:1      | You fall into a shaft and drop 1 floor!
   702 | D:2      | Reached skill level 4 in Polearms
  1538 | D:2      | Reached XP level 4. HP: 39/39 MP: 4/4
  1871 | D:3      | Found a broken altar of Ashenzari.
  2490 | D:4      | Reached skill level 5 in Polearms
  2704 | D:4      | Found a hide-covered altar of Uskayaw.
  2723 | D:4      | Noticed a scorpion
  2740 | D:4      | Killed a scorpion
  2741 | D:4      | Reached XP level 5. HP: 8/45 MP: 4/6
  2754 | D:4      | Slain by an orc wizard

Illustrated notes

Levels and vault maps discovered:
D:1:      saegor_arrival_miasma, layout_loops_ring,
          hellmonk_ecumenical_altar_leap_of_faith, minmay_strange_pillars
D:2:      layout_loops_corners
D:3:      layout_basic, cheibrodos_ashenzari_chains,
          chequers_serial_rivers_micro_d
D:4:      layout_loops_ring, nicolae_overflow_crystal_walls

Skill      XL: |  1  2  3  4 |
---------------+-------------+-----
Polearms       | 3 4 5 |  5.8
Invocations    | 1 2 |  2.7
Fighting       | |  3.6
Armour         | |  3.6
Shields        | |  3.6

Action                   |  1- 3 |  4- 6 || total
-------------------------+-------+-------++-------
Melee: Trident           |    79 |    62 ||   141
       Headbutt          |     9 |     5 ||    14
Throw: Dart              |     1 |     6 ||     7
  Use: Potion            |       |     1 ||     1
Armor: Scale mail        |    25 |    17 ||    42
Dodge: Dodged            |    28 |    15 ||    43
Block: Buckler           |     8 |     8 ||    16

Table legend: (Time is in decaauts)
 A = Elapsed time spent in this place.
 B = Non-inter-level travel time spent in this place.
 C = Inter-level travel time spent in this place.
 D = Time resting spent in this place.
 E = Time spent auto-exploring this place.
 F = Levels seen in this place.
 G = Mean time per level.
                   A        B        C        D        E       F      G
               +--------+--------+--------+--------+--------+-----+--------+
         Total |   2772 |   2707 |     65 |    199 |   2154 |   4 |  693.0 |
       Dungeon |   2772 |   2707 |     65 |    199 |   2154 |   4 |  693.0 |
               +--------+--------+--------+--------+--------+-----+--------+

Top non-repeatable levels by time:
     D:2: 1050 daAuts
     D:1: 828 daAuts
     D:3: 601 daAuts
     D:4: 292 daAuts
